 Dungeon Crawl Stone Soup version 0.27-a0-75-g9f9dfd16e9 (webtiles) character file.

Game seed: 1788683035416521198

266 knot the Chopper (level 6, 33/47 HPs)
             Began as a Demonspawn Berserker on Jan 13, 2021.
             Was a Believer of Trog.
             Quit the game on level 4 of the Dungeon.
             The game lasted 00:05:38 (5505 turns).

knot the Chopper (Demonspawn Berserker)             Turns: 5505, Time: 00:05:38

Health: 33/47      AC:  3    Str: 19    XL:     6   Next: 0%
Magic:  4/6        EV: 12    Int: 10    God:    Trog [**....]
Gold:   244        SH:  0    Dex: 13    Spells: 5/5 levels left

rFire    + . .     SeeInvis .   p - +5 spear "Fagod" {speed, rN+ Str+2}
rCold    . . .     Faith    .   (no shield)
rNeg     + . .     Spirit   +   b - +1 animal skin
rPois    .         Reflect  .   (no helmet)
rElec    .         Harm     .   (no cloak)
rCorr    .         Rampage  .   (no gloves)
Will     .....     Rnd*Tele +   (no boots)
Stlth    +.........             e - amulet of the acrobat
HPRegen  0.15/turn              h - ring of teleportation (curse)
MPRegen  0.20/turn              q - ring of protection from fire

@: no status effects
A: claws 1, magic shield, magic regeneration, miasma immunity
a: Renounce Religion, Berserk, Trog's Hand


You were on level 4 of the Dungeon.
You worshipped Trog.
Trog was pleased with you.
You visited 1 branch of the dungeon, and saw 4 of its levels.

You collected 244 gold pieces.

Inventory:

Hand Weapons
 a - a +1 hand axe
 p - the +5 spear "Fagod" (weapon) {speed, rN+ Str+2}
   (You found it on level 4 of the Dungeon)

   Attacks with this weapon are significantly faster.
   It affects your strength (+2).
   It protects you from negative energy.
Missiles
 d - 97 stones
 k - 5 boomerangs
Armour
 b - a +1 animal skin (worn)
Jewellery
 e - an amulet of the acrobat (around neck)
 h - a cursed ring of teleportation (left claw)
 o - an uncursed ring of flight
 q - a ring of protection from fire (right claw)
Scrolls
 g - 3 scrolls of identify
 m - 2 scrolls of blinking
 r - a scroll of teleportation {unknown}
 s - a scroll of enchant armour
Potions
 c - a potion of heal wounds {unknown}
 f - a potion of invisibility {unknown}
 i - a potion of lignification
 j - a potion of flight {unknown}
 l - a potion of attraction {unknown}
 n - a potion of mutation {unknown}
 t - 2 potions of cancellation {unknown}
 u - a potion of resistance {unknown}


   Skills:
 - Level 3.0 Fighting
 + Level 6.1 Axes
 - Level 1.7 Armour
 - Level 1.7 Dodging


You had 5 spell levels left.
You didn't know any spells.
Your spell library was empty.

Dungeon Overview and Level Annotations

Branches:
Dungeon (4/15)
 Temple: D:4-7

Altars:

Portals:
Sewer: D:4


Innate Abilities, Weirdness & Mutations

You have sharp fingernails.
When hurt, damage is shared between your health and your magic reserves.
You regenerate magic rapidly.
You are immune to miasma.


Message History

You hit the phantom.
The phantom is moderately damaged.
The leopard gecko bites you. The phantom hits you.
You hit the phantom.
The phantom is heavily damaged.
The leopard gecko bites you.
You puncture the phantom!
The phantom is severely damaged.
The phantom hits you.
The phantom blinks!
You hit the giant cockroach.
You kill the giant cockroach!
Trog accepts your kill.
The leopard gecko bites you but does no damage.
You have reached level 6!
Your experience leads to an increase in your attributes!
Your base attributes are Str 17, Int 9, Dex 13.
Increase (S)trength, (I)ntelligence, or (D)exterity?
You feel clever.
Your demonic ancestry asserts itself...
You feel immune to miasma.
Are you sure you want to abandon this character and quit the game? (Confirm with "yes".)

#######
≈≈≈≈≈≈.####
≈W≈≈≈≈.§..# #
≈≈≈≈≈≈l@.##.#.#
########......#
......#.####.#
..?...#'##
######....#
..........#
##.########...#
......#.......#
#....#.###...#


You could see a phantom and a leopard gecko.

Vanquished Creatures
  3 orc priests
  An orc wizard (D:3)
  A worker ant (D:2)
  2 adders (D:3)
  A white imp (D:3)
  A worm (D:3)
  A dart slug (D:3)
  4 leopard geckos
  15 orcs
  A ball python (D:3)
  7 giant cockroaches
  5 goblins
  9 hobgoblins
  3 jackals (D:1)
  5 kobolds
  9 bats
  5 frilled lizards
  7 rats
80 creatures vanquished.

Notes
Turn   | Place    | Note
-------+----------+-------------------------------------------
     0 | D:1      | knot the Demonspawn Berserker began the quest for the Orb.
     0 | D:1      | Reached XP level 1. HP: 18/18 MP: 1/1
   296 | D:1      | Reached skill level 3 in Axes
   302 | D:1      | Gained mutation: You have sharp fingernails. [demonic
                  | ancestry]
   302 | D:1      | Reached XP level 2. HP: 13/24 MP: 2/2
  2059 | D:2      | Reached XP level 3. HP: 23/29 MP: 3/3
  2070 | D:2      | Reached ** piety under Trog
  2071 | D:2      | Reached skill level 4 in Axes
  3204 | D:3      | Gained mutation: When hurt, damage is shared between your
                  | health and your magic reserves. [demonic ancestry]
  3204 | D:3      | Reached XP level 4. HP: 27/35 MP: 4/4
  3458 | D:3      | Reached skill level 5 in Axes
  3965 | D:3      | Gained mutation: You regenerate magic rapidly. [demonic
                  | ancestry]
  3965 | D:3      | Reached XP level 5. HP: 41/41 MP: 3/5
  5215 | D:4      | Got a transparent spear
  5223 | D:4      | Identified the +5 spear "Fagod" {speed, rN+ Str+2} (You
                  | found it on level 4 of the Dungeon)
  5234 | D:4      | Reached skill level 6 in Axes
  5480 | D:4      | Noticed a phantom
  5485 | D:4      | Found a glowing drain.
  5505 | D:4      | Gained mutation: You are immune to miasma. [demonic
                  | ancestry]
  5505 | D:4      | Reached XP level 6. HP: 33/47 MP: 4/6
  5505 | D:4      | Quit the game

Illustrated notes

Levels and vault maps discovered:
D:1:      kilobyte_arrival_exit_the_forest, layout_basic,
          amcnicky_mini_rare_corridor_liquid, minmay_misc_feat_tiny,
          minmay_cupped
D:2:      layout_basic
D:3:      layout_basic
D:4:      layout_basic, portal_sewer_entry_f, uniq_grinder

Skill      XL: |  1  2  3  4  5 |
---------------+----------------+-----
Axes           | 3 4 5 6 |  6.1
Fighting       | |  3.0
Armour         | |  1.7
Dodging        | |  1.7

Action                   |  1- 3 |  4- 6 || total
-------------------------+-------+-------++-------
Melee: Hand axe          |   108 |   117 ||   225
       Spear             |       |    35 ||    35
Invok: Berserk           |     3 |     3 ||     6
       Trog's Hand       |       |     3 ||     3
  Use: Scroll            |       |     8 ||     8
       Potion            |       |     1 ||     1
 Stab: Sleeping          |     1 |       ||     1
Armor: Animal skin       |    23 |    26 ||    49
       Skin              |       |    31 ||    31
Dodge: Dodged            |    81 |   143 ||   224

Table legend: (Time is in decaauts)
 A = Elapsed time spent in this place.
 B = Non-inter-level travel time spent in this place.
 C = Inter-level travel time spent in this place.
 D = Time resting spent in this place.
 E = Time spent auto-exploring this place.
 F = Levels seen in this place.
 G = Mean time per level.
                   A        B        C        D        E       F      G
               +--------+--------+--------+--------+--------+-----+--------+
         Total |   5574 |   5398 |    176 |   1262 |   3463 |   4 | 1393.5 |
       Dungeon |   5574 |   5398 |    176 |   1262 |   3463 |   4 | 1393.5 |
               +--------+--------+--------+--------+--------+-----+--------+

Top non-repeatable levels by time:
     D:3: 2263 daAuts
     D:1: 1779 daAuts
     D:2: 1193 daAuts
     D:4: 339 daAuts
